 Dungeon Crawl Stone Soup version 0.18.1-5-g4a78601 (webtiles) character file.

711 LORDOFBUTT the Skirmisher (level 7, -3/55 HPs)
             Began as a Demonspawn Berserker on May 10, 2016.
             Was a Priest of Trog.
             Killed by nerve-wracking pain
             ... invoked by an orc priest
              (11 damage)
             ... on level 4 of the Dungeon.
             The game lasted 00:04:17 (3005 turns).

LORDOFBUTT the Skirmisher (Demonspawn Berserker)    Turns: 3005, Time: 00:04:17

Health: -3/55      AC:  6    Str: 17    XL:     7   Next: 40%
Magic:  7/7        EV:  9    Int:  9    God:    Trog [***...]
Gold:   199        SH:  0    Dex: 16    Spells: 0 memorised, 6 levels left

rFire  . . .     SeeInvis .       - Unarmed
rCold  + . .     Gourm    .     h - +0 leather armour
rNeg   . . .     Faith    .     (no shield)
rPois  .         Spirit   .     g - +2 helmet
rElec  .         Dismiss  .     (no cloak)
rCorr  .         Reflect  .     (no gloves)
SustAt .         Harm     .     (no boots)
MR     .....                    (no amulet)
Stlth  ++........               (no ring)
                                (no ring)

@: exhausted, slowed, very slow, not resistant to hostile enchantments,
unstealthy
A: claws 1, thin skeletal structure 1, cold resistance 1, spiny 1
a: Berserk, Trog's Hand, Burn Spellbooks, Renounce Religion


You were on level 4 of the Dungeon.
You worshipped Trog.
Trog was most pleased with you.
You were full.

You visited 1 branch of the dungeon, and saw 5 of its levels.

You collected 199 gold pieces.

Inventory:

Armour
 g - a +2 helmet (worn)
 h - a +0 leather armour (worn)
Scrolls
 a - 7 scrolls of identify {unknown}
 c - 2 scrolls of remove curse {unknown}
 e - 3 scrolls of blinking {unknown}
 i - a scroll of random uselessness {unknown}
 j - a scroll of teleportation {unknown}
 n - a scroll of fog {unknown}
Potions
 d - 2 potions of degeneration {unknown}
 f - 2 potions of heal wounds
 k - 3 potions of brilliance {unknown}
 l - a potion of ambrosia {unknown}
 m - 2 potions of lignification {unknown}
 o - 2 potions of might {unknown}
Comestibles
 b - 3 bread rations


   Skills:
 + Level 4.8 Fighting
 + Level 2.6 Armour
 + Level 4.4 Dodging
 + Level 2.4 Stealth
 + Level 4.6 Unarmed Combat


You had 6 spell levels left.
You didn't know any spells.

Dungeon Overview and Level Annotations

Branches:
Dungeon (5/15)
 Temple: D:4-7

Altars:
Dithmenos


Innate Abilities, Weirdness & Mutations

You have sharp fingernails.
You have a somewhat thin skeletal structure (Dex +2, Stealth).
Your flesh is cold resistant.
You are partially covered in sharp spines.


Message History

An orc comes into view. It is wielding a hand axe.
You're too exhausted to go berserk.
Read which item? (? for menu, Esc to quit)
Okay, then.
The orc priest looks braver for a moment.
The orc priest mumbles some strange prayers to Beogh against you.
You struggle to resist.
The orc priest calls down the wrath of Beogh upon you.
Pain shoots through your body!
* * * LOW HITPOINT WARNING * * *
The orc priest casts a cantrip, but nothing happens.
The orc priest mumbles some strange prayers to Beogh against you.
Pain shoots through your body!
* * * LOW HITPOINT WARNING * * *
The orc shouts!
There is a stone staircase leading down here.
The orc priest looks braver for a moment.
The orc priest invokes the aid of Beogh against you.
Pain shoots through your body!
You die...

#..#...o...
#.o...o.o.o #
#..#####.#.
###.##o.#####.#
#.............#
....##oo######..
... #o........
.. #.####.... .
#@## .. #..#
##.# #.# #.# #.#
#.# #.# ..#


You could see 2 orc priests and 3 orcs.

Vanquished Creatures
  Menkaure (D:5)
  Duvessa (D:5)
  A sky beast (D:5)
  An ogre (D:5)
  Dowan (D:5)
  A giant frog zombie (D:5)
  An orc wizard (D:3)
  Jessica (D:2)
  Natasha (D:2)
  3 worker ants (D:5)
  An adder (D:3)
  A worm (D:5)
  3 dart slugs
  6 orcs (D:3)
  2 giant cockroaches
  4 goblins
  7 hobgoblins
  10 jackals
  2 quokkas (D:5)
  6 bats
  4 giant newts
  7 kobolds (D:2)
  8 rats
73 creatures vanquished.

Notes
Turn   | Place    | Note
--------------------------------------------------------------
     0 | D:1      | LORDOFBUTT the Demonspawn Berserker began the quest for the Orb.
     0 | D:1      | Reached XP level 1. HP: 18/18 MP: 1/1
   516 | D:1      | Gained mutation: You have a somewhat thin skeletal structure (Dex +2, Stealth). [demonic ancestry]
   516 | D:1      | Reached XP level 2. HP: 24/24 MP: 2/2
   795 | D:2      | Reached ** piety under Trog
   855 | D:2      | Reached XP level 3. HP: 24/29 MP: 3/3
   931 | D:2      | Noticed Natasha
   937 | D:2      | Killed Natasha
  1277 | D:2      | Reached skill level 1 in Stealth
  1315 | D:2      | Found a shadowy altar of Dithmenos.
  1317 | D:2      | Noticed Jessica
  1323 | D:2      | Killed Jessica
  1323 | D:2      | Gained mutation: You have sharp fingernails. [demonic ancestry]
  1323 | D:2      | Reached XP level 4. HP: 29/35 MP: 4/4
  1760 | D:3      | Gained mutation: You are partially covered in sharp spines. [demonic ancestry]
  1760 | D:3      | Reached XP level 5. HP: 4/42 MP: 5/5
  2185 | D:3      | Reached *** piety under Trog
  2556 | D:3      | You fall through a shaft for 2 floors!
  2556 | D:5      | Entered Level 5 of the Dungeon
  2684 | D:5      | Noticed Menkaure
  2691 | D:5      | Killed Menkaure
  2691 | D:5      | Gained mutation: Your flesh is cold resistant. [demonic ancestry]
  2691 | D:5      | Reached XP level 6. HP: 26/48 MP: 6/6
  2713 | D:5      | Noticed Duvessa
  2728 | D:5      | Noticed Dowan
  2736 | D:5      | Killed Duvessa
  2738 | D:5      | Killed Dowan
  2918 | D:5      | Noticed a sky beast
  2925 | D:5      | Killed a sky beast
  2925 | D:5      | Reached XP level 7. HP: 35/55 MP: 7/7
  3005 | D:4      | Killed from afar by an orc priest

Skill      XL: |  1  2  3  4  5  6 |
---------------+-------------------+-----
Armour         | 2 |  2.6
Dodging        | 2 3 4 |  4.4
Unarmed Combat | 3 4 |  4.6
Stealth        | 1 2 |  2.4
Fighting       | 4 |  4.8

Action                   |  1- 3 |  4- 6 |  7- 9 || total
-------------------------+-------+-------+-------++-------
Melee: Unarmed           |   137 |    95 |    13 ||   245
       Punch             |     2 |       |       ||     2
Invok: Berserk           |     2 |     2 |     1 ||     5
       Trog's Hand       |       |     1 |       ||     1
 Stab: Sleeping          |     7 |     3 |       ||    10
  Eat: Fruit             |     2 |     3 |       ||     5
       Beef jerky        |     1 |     1 |       ||     2
       Meat ration       |       |     2 |       ||     2
Armor: Animal skin       |    30 |       |       ||    30
       Leather armour    |    14 |    29 |       ||    43
Dodge: Dodged            |    91 |    72 |    10 ||   173
